 Dungeon Crawl Stone Soup version 0.26-a0-682-g294304f6e8 (webtiles) character file.

Game seed: 9512136150672880108

103 Kinoniko the Skirmisher (level 4, -3/48 HPs)
             Began as an Ogre Fighter on Oct 20, 2020.
             Killed by nerve-wracking pain
             ... invoked by an orc priest
              (11 damage)
             ... on level 3 of the Dungeon.
             The game lasted 00:02:21 (2254 turns).

Kinoniko the Skirmisher (Ogre Fighter)              Turns: 2254, Time: 00:02:22

Health: -3/48      AC:  3    Str: 20    XL:     4   Next: 79%
Magic:  4/4        EV:  8    Int:  9    God:
Gold:   100        SH:  8    Dex:  9    Spells: 3/3 levels left

rFire    . . .     SeeInvis .   a - +0 trident
rCold    . . .     Faith    .   c - +0 kite shield
rNeg     . . .     Spirit   .   b - +0 robe
rPois    .         Reflect  .   (helmet restricted)
rElec    .         Harm     .   (no cloak)
rCorr    .         Rampage  .   (gloves unavailable)
MR       .....                  (boots unavailable)
Stlth    +.........             (no amulet)
HPRegen  0.16/turn              (no ring)
MPRegen  0.09/turn              (no ring)

@: mighty
A: large, unfitting armour, tough skin 1
a: no special abilities


You were on level 3 of the Dungeon.
You visited 1 branch of the dungeon, and saw 3 of its levels.

You collected 100 gold pieces.

Inventory:

Hand Weapons
 a - a +0 trident (weapon)
Armour
 b - a +0 robe (worn)
 c - a +0 kite shield (worn)
Scrolls
 e - 2 scrolls of amnesia
Potions
 h - 2 potions of curing
 i - 2 potions of brilliance {unknown}
 j - a potion of cancellation {unknown}


   Skills:
 - Level 4.0 Fighting
 * Level 4.0 Polearms
 - Level 2.7 Dodging
 + Level 3.5 Shields


You had 3 spell levels left.
You didn't know any spells.
Your spell library was empty.

Dungeon Overview and Level Annotations

Branches:
Dungeon (3/15)

Altars:
Cheibriados
Sif Muna

Annotations:
D:3 2 runed translucent doors, stillor's ghost, amateur TeAE


Innate Abilities, Weirdness & Mutations

You are too large for most types of armour.
You have tough skin. (AC +1)


Message History

You hit the orc priest.
The orc priest is lightly wounded.
You block the orc's attack.
The orc priest hits you with a +0 dagger.
The orc hits you but does no damage.
Unknown command.
Sorry, you're not good enough to have a special ability.
You feel very mighty all of a sudden. You block the orc priest's attack.
The orc hits you but does no damage.
You closely miss the orc priest.
The orc priest is lightly wounded.
The orc priest invokes the aid of Beogh against you.
Beogh smites you!
* * * LOW HITPOINT WARNING * * *
The orc barely misses you.
You closely miss the orc priest.
The orc priest is lightly wounded.
The orc priest invokes the aid of Beogh against you.
Pain shoots through your body!
You die...

##§#. ##.#
##≈§).≈#≈#.#
#.#..≈≈.##.#
..⌠.#..##.#
#....W..#o#
###++####o# ##
######......##o# ..
#............o@## #.#
#.######.####...#...#
#.# #..........#
#.######.#.#....#...#
#.##...........####.#
#.##.###.###.#.# ..
#.# #.##.# #.....#.#
## #.#
#.##.###.#####†## #.#
#........####...##
#.#


You could see an orc priest, an orc wizard (fast) and 2 orcs.

Vanquished Creatures
  5 adders
  2 oozes
  2 adder skeletons (D:2)
  2 dart slugs
  An orc (D:3)
  2 bats (D:1)
  3 bat skeletons (D:2)
  2 bat zombies (D:2)
  A giant cockroach (D:1)
  3 goblins
  A hobgoblin (D:1)
  3 jackals (D:1)
  4 quokkas
  4 frilled lizards
  3 kobolds
  A leopard gecko skeleton (D:2)
  2 rats
41 creatures vanquished.

Vanquished Creatures (others)
  3 withered plants (D:2)
3 creatures vanquished.

Grand Total: 44 creatures vanquished

Notes
Turn   | Place    | Note
-------+----------+-------------------------------------------
     0 | D:1      | Kinoniko the Ogre Fighter began the quest for the Orb.
     0 | D:1      | Reached XP level 1. HP: 24/24 MP: 1/1
   208 | D:1      | Reached XP level 2. HP: 24/32 MP: 2/2
   896 | D:1      | Reached XP level 3. HP: 39/39 MP: 3/3
  1339 | D:2      | Found a shimmering blue altar of Sif Muna.
  1364 | D:2      | Reached XP level 4. HP: 10/48 MP: 4/4
  1727 | D:2      | Found a snail-covered altar of Cheibriados.
  2224 | D:3      | Found a large runed translucent door.
  2224 | D:3      | Found a large runed translucent door.
  2227 | D:3      | Noticed stillor's ghost (amateur TeAE)
  2254 | D:3      | Killed from afar by an orc priest

Illustrated notes

Levels and vault maps discovered:
D:1:      minmay_arrival_checkered_box, layout_loops_ring,
          minmay_misc_feat_four_crosses
D:2:      layout_basic, nicolae_overflow_crystal_walls, lemuel_crystal_altar,
          serial_undead, serial_undead_c, serial_undead_e, serial_undead_b,
          serial_undead_e
D:3:      layout_loops_corners, ebering_ghost_disaster_area, lemuel_tele_altar

Skill      XL: |  1  2  3  4 |
---------------+-------------+-----
Shields        | 3 |  3.5
Polearms       | 3 4 |  4.0
Fighting       | |  4.0
Dodging        | |  2.7

Action                   |  1- 3 |  4- 6 || total
-------------------------+-------+-------++-------
Melee: Trident           |   132 |    42 ||   174
  Use: Scroll            |     2 |     2 ||     4
       Potion            |     2 |     1 ||     3
 Stab: Sleeping          |       |     1 ||     1
Armor: Robe              |    45 |     5 ||    50
Dodge: Dodged            |    54 |    11 ||    65
Block: Kite shield       |    57 |     8 ||    65

Table legend: (Time is in decaauts)
 A = Elapsed time spent in this place.
 B = Non-inter-level travel time spent in this place.
 C = Inter-level travel time spent in this place.
 D = Time resting spent in this place.
 E = Time spent auto-exploring this place.
 F = Levels seen in this place.
 G = Mean time per level.
                   A        B        C        D        E       F      G
               +--------+--------+--------+--------+--------+-----+--------+
         Total |   2275 |   2237 |     38 |    490 |   1436 |   3 |  758.3 |
       Dungeon |   2275 |   2237 |     38 |    490 |   1436 |   3 |  758.3 |
               +--------+--------+--------+--------+--------+-----+--------+

Top non-repeatable levels by time:
     D:2: 1065 daAuts
     D:1: 915 daAuts
     D:3: 295 daAuts
